 Dungeon Crawl Stone Soup version 0.21.1-1-g345015f (console) character file.

14 Homage the Sneak (level 2, 0/13 HPs)
             Began as a Spriggan Enchanter on Mar 13, 2018.
             Hit by a tomahawk thrown by a kobold (2 damage)
             ... on level 1 of the Dungeon.
             The game lasted 00:03:15 (1377 turns).

Homage the Sneak (Spriggan Enchanter)               Turns: 1377, Time: 00:03:16

Health: 0/13       AC:  2    Str:  4    XL:     2   Next: 31%
Magic:  6/7        EV: 18    Int: 16    God:
Gold:   40         SH:  0    Dex: 16    Spells: 5/8 levels left

rFire    . . .     SeeInvis +   a - +1 dagger
rCold    . . .     Gourm    .   (shield restricted)
rNeg     . . .     Faith    .   b - +0 robe
rPois    .         Spirit   .   (helmet restricted)
rElec    .         Reflect  .   (no cloak)
rCorr    .         Harm     .   (gloves unavailable)
MR       .....                  (boots unavailable)
Stlth    +++.......             (no amulet)
HPRegen  0.04/turn              (no ring)
MPRegen  0.10/turn              (no ring)

@: very slightly contaminated, very quick
A: very small, unfitting armour, see invisible, herbivore, speed 3, slow
metabolism 2
a: no special abilities


You were on level 1 of the Dungeon.
You were not hungry.

You visited 1 branch of the dungeon, and saw 2 of its levels.

You collected 40 gold pieces.


Innate Abilities, Weirdness & Mutations

You are very small and have problems with some larger weapons.
You are too small for most types of armour.
You have supernaturally acute eyesight. (SInv)
You are a herbivore.
You cover ground extremely quickly.
You need consume almost no food.


   Skills:
 - Level 1.1 Short Blades
 - Level 3.0 Dodging
 - Level 4.4 Stealth
 + Level 3.9 Spellcasting
 - Level 3.6 Hexes


You had 5 spell levels left.
You knew the following spells:

 Your Spells              Type           Power        Failure   Level  Hunger
e - Ensorcelled Hibernat  Hex/Ice        #.....       12%         2    ##.....
Z - Corona                Hex            ##.....      3%          1    None

Inventory:

Hand Weapons
 a - a +1 dagger (weapon)
Armour
 b - a +0 robe (worn)
Scrolls
 e - a scroll of remove curse
 g - a scroll of blinking {unknown}
Potions
 f - 2 potions of lignification {unknown}
Books
 c - a book of Maledictions

   Spells                             Type                      Level
   a - Corona                         Hexes                        1
   b - Ensorcelled Hibernation        Hexes/Ice                    2
   c - Confuse                        Hexes                        3
   d - Tukima's Dance                 Hexes                        3
   e - Dazzling Spray                 Conjuration/Hexes            3
Comestibles
 d - a ration


Message History

The giant cockroach bites you.
* * * LOW HITPOINT WARNING * * *
You barely miss the giant cockroach. The giant cockroach misses you.
You completely miss the giant cockroach.
The giant cockroach closely misses you.
You hit the giant cockroach but do no damage.
The giant cockroach bites you.
* * * LOW HITPOINT WARNING * * *
You hit the giant cockroach but do no damage.
The giant cockroach barely misses you.
The giant cockroach waves its antennae.
The kobold throws a tomahawk.
The tomahawk closely misses you.
You see here a tomahawk.
The kobold throws a tomahawk.
The tomahawk closely misses you.
The kobold throws a tomahawk.
The tomahawk closely misses you.
The kobold throws a tomahawk.
The tomahawk hits you but does no damage.
You see here a tomahawk.
The kobold throws a tomahawk.
The tomahawk hits you.
You die...

###. * #... ## ########## #.#. .#
##..(##...## ###.#. $#
##..........##### #.....
.#########(..............###.....
........##.s..........##.........
.######...(....(......######.....
.(#########.....@................
.....#......K.......########.....
.###......#....####.#### ###..##.
.####.....#.....###....###....##g
.................#####.#.....#...
..........................#....##
########################..#.####
########################..#.#
#..#.....#..#.....#%.#.#.#..#


You could see a giant cockroach and a kobold.

Vanquished Creatures
  An ooze (D:1)
  A dart slug (D:1)
  A goblin (D:1)
  A hobgoblin (D:1)
  2 bats
  A frilled lizard (D:1)
  A kobold (D:1)
  2 rats (D:1)
10 creatures vanquished.

Notes
Turn   | Place    | Note
-------+----------+-------------------------------------------
     0 | D:1      | Homage the Spriggan Enchanter began the quest for the Orb.
     0 | D:1      | Reached XP level 1. HP: 9/9 MP: 5/5
    26 | D:1      | Reached skill level 3 in Spellcasting
    87 | D:1      | Reached XP level 2. HP: 9/13 MP: 7/7
   110 | D:1      | HP: 2/13 [hobgoblin (3)]
   120 | D:1      | HP: 1/13 [bat (1)]
   642 | D:1      | Learned a level 2 spell: Ensorcelled Hibernation
  1284 | D:1      | HP: 1/13 [hobgoblin/club (2)]
  1358 | D:1      | HP: 2/13 [giant cockroach (1)]
  1377 | D:1      | Hit by a tomahawk thrown by a kobold

Vault maps used:
D:1:      dpeg_arrival_ternary
D:2:      uniq_terence

Action                   || total
-------------------------++-------
Melee: Dagger            ||    81
 Cast: Ensorcelled Hiber ||     5
  Use: Scroll            ||     3
       Potion            ||     1
 Stab: Sleeping          ||     3
Armor: Robe              ||    26
Dodge: Dodged            ||   127
